 Dungeon Crawl Stone Soup version 0.16-a0-3493-gd9d85f0 (webtiles) character file.

135 Kemay the Changer (level 4, 0/35 HPs)
             Began as a Draconian Transmuter on Jan 4, 2015.
             Slain by an orc priest
             ... wielding a +0 flail
              (3 damage)
             ... on level 3 of the Dungeon.
             The game lasted 00:07:42 (3264 turns).

Kemay the Changer (Draconian Transmuter)            Turns: 3264, Time: 00:07:43

Health: 0/35       AC:  2    Str: 12    XL:     4   Next: 97%
Magic:  3/7        EV: 19    Int: 15    God:
Gold:   98         SH:  0    Dex: 18    Spells: 2 memorised, 3 levels left

rFire  . . .     SeeInvis .       - Unarmed
rCold  . . .     Clarity  .     (armour unavailable)
rNeg   . . .     SustAb   .     (shield currently unavailable)
rPois  x         Gourm    .     (helmet currently unavailable)
rElec  .         Spirit   .     (cloak currently unavailable)
rCorr  .         Warding  .     h - melded +0 pair of gloves
rMut   .         Stasis   .     (boots currently unavailable)
MR     .....                    (no amulet)
Stlth  ++........               (no ring)
                                (no ring)

@: spider-form, not resistant to hostile enchantments, unstealthy
A: unfitting armour, agile 1, deterioration 1, screaming 1, evolution 1,
(cold-blooded), AC +5
a: End Transformation


You were on level 3 of the Dungeon.
You were hungry.
You were a venomous arachnid creature.
You visited 1 branch of the dungeon, and saw 3 of its levels.

You collected 98 gold pieces.

Inventory:

Armour
 h - a +0 pair of gloves (melded)
Scrolls
 g - a scroll of blinking
Potions
 e - 2 potions of curing
 f - a potion of haste
Books
 d - a book of Changes

   Spells                             Type                      Level
   a - Beastly Appendage              Transmutation                1
   b - Sticks to Snakes               Transmutation                2
   c - Spider Form                    Transmutation/Poison         3
   d - Ice Form                       Ice/Transmutation            4
   e - Blade Hands                    Transmutation                5
Comestibles
 a - 3 bread rations
 b - a chunk of flesh
 c - a meat ration


   Skills:
 - Level 1.1 Fighting
 - Level 1.7 Dodging
 - Level 3.0 Unarmed Combat
 - Level 2.0 Spellcasting
 + Level 4.5 Transmutations
 + Level 2.2 Poison Magic


You had 3 spell levels left.
You knew the following spells:

 Your Spells              Type           Power        Failure   Level  Hunger
a - Beastly Appendage     Trmt           ###...       12%         1    #......
b - Spider Form           Trmt/Pois      ##........   41%         3    ###....


Dungeon Overview and Level Annotations

Branches:
Dungeon (3/15)

Altars:
Makhleb
Qazlal
Ru
Zin

Annotations:
D:2 Sigmund


Innate Abilities, Weirdness & Mutations

((Your plain brown scales are hard (AC +5).))
Your body does not fit into most forms of armour.
((Your cold-blooded metabolism reacts poorly to cold.))
You are agile. (Dex +2)
Your body is slowly deteriorating.
You occasionally shout uncontrollably at your foes.
You evolve.


Message History

Confirm with . or Enter, or press ? or * to list all spells.
You turn into a venomous arachnid creature.
Your +0 pair of gloves melds into your body.
The orc priest shouts!
The orc priest invokes the aid of Beogh against you.
Pain shoots through your body!
* * * LOW HITPOINT WARNING * * *
Things that are here:
a whip; a kobold corpse The orc priest calls down the wrath of Beogh upon you.
Pain shoots through your body!
* * * LOW HITPOINT WARNING * * *
The orc priest completely misses you.
You barely miss the orc priest.
You hit the orc priest but do no damage.
The orc priest is poisoned.
The orc priest misses you.
You hit the orc priest.
The orc priest looks even sicker.
The orc priest is heavily wounded.
The orc priest hits you with a flail.
You die...

#.####.(.......(.#####
# #.###..####.......
#.# #..# #...... #.#
#..####...###
..###....##...#
#........)....#
#.####.#.##).##
#...###.#.##..#
........s.....#
#...###.o.....#
.........# ###.....#.#
#.....#># ###.###.#
#.# .# #.# . .


You could see an orc priest.

Vanquished Creatures
  An orc priest (D:3)
  2 adders
  2 worms (D:2)
  3 oozes
  2 giant geckos
  6 orcs (D:3)
  4 ball pythons
  10 bats
  3 giant cockroaches
  5 goblins
  7 hobgoblins
  4 jackals (D:2)
  A quokka (D:3)
  4 giant newts
  6 kobolds
  7 rats
67 creatures vanquished.

Notes
Turn   | Place    | Note
--------------------------------------------------------------
     0 | D:1      | Kemay, the Draconian Transmuter, began the quest for the Orb.
     0 | D:1      | Reached XP level 1. HP: 16/16 MP: 3/3
    94 | D:1      | Reached XP level 2. HP: 5/23 MP: 4/4
  1531 | D:2      | Reached XP level 3. HP: 10/28 MP: 6/6
  1536 | D:2      | Learned a level 3 spell: Spider Form
  1731 | D:2      | Noticed Sigmund
  2172 | D:2      | Reached skill level 1 in Poison Magic
  2382 | D:2      | Reached skill level 4 in Transmutations
  2460 | D:2      | Reached XP level 4. HP: 35/35 MP: 3/7
  2480 | D:2      | Found a glowing silver altar of Zin.
  2484 | D:2      | Found a sacrificial altar of Ru.
  2485 | D:2      | Found a stormy altar of Qazlal.
  2485 | D:2      | Found a burning altar of Makhleb.
  2970 | D:3      | Gained mutation: You evolve. [potion of mutation]
  2970 | D:3      | Gained mutation: You occasionally shout uncontrollably at your foes. [potion of mutation]
  2970 | D:3      | Gained mutation: Your body is slowly deteriorating. [potion of mutation]
  2999 | D:3      | Gained mutation: You are agile. (Dex +2) [evolution]
  3264 | D:3      | Slain by an orc priest

Action                   |  1- 3 |  4- 6 || total
-------------------------+-------+-------++-------
Melee: Unarmed           |   210 |    83 ||   293
 Cast: Beastly Appendage |     9 |     3 ||    12
       Spider Form       |     1 |     3 ||     4
 Abil: End Transformatio |     1 |       ||     1
  Use: Scroll            |     4 |     3 ||     7
       Potion            |     3 |     3 ||     6
 Stab: Distracted        |       |     1 ||     1
  Eat: Chunk             |     5 |     3 ||     8
